Map: 2000 Atmospheres LE

Players

A.I. 1 (Very Easy) - Winner!

  • Race: Terran Terran

Giaphage

  • Race: Terran Terran
  • League: Diamond

VOD

Have the link to the VOD?

Description

Time

  • Played on: Feb. 15, 2022, 8:39 a.m.
  • Length: 14:02
Show
View Real Time Build Order
Export as new Build Order

A.I. 1 (Very Easy) Terran - Winner!

Build Orders:  

Get SALT Encoding   

  12  0:00  SCV  
  13  0:13  SCV  
  14  0:18  Supply Depot  
  14  0:37  Refinery  
  14  0:43  Barracks  
  14  1:03  Supply Depot  
  14  1:12  Refinery  
  14  1:30  Marine, SCV  
  16  1:42  SCV  
  17  1:54  SCV  
  18  2:03  Marine  
  18  2:06  SCV  
  20  2:18  SCV  
  21  2:30  SCV  
  21  2:36  Marine  
  23  2:43  Orbital Command  
  23  4:44  SCV  
  23  4:46  Marine  
  15  4:56  SCV  
  3  5:09  SCV  
  2  5:15  Marine  
  2  5:21  SCV  
  4  5:33  SCV  
  5  5:43  Marine  
  5  5:45  SCV  
  7  5:52  Factory  
  7  5:57  SCV  
  8  6:09  SCV  
  9  6:15  Marine  
  10  6:21  SCV  
  10  6:33  SCV  
  10  6:37  Starport  
  11  6:45  SCV  
  11  6:46  Marine  
  13  6:57  SCV  
  14  7:10  SCV  
  14  7:14  Starport Tech Lab  
  15  7:18  Marine  
  15  7:22  SCV  
  17  7:34  SCV  
  17  7:35  Raven  
  19  7:46  SCV  
  19  7:50  Supply Depot, Barracks Tech Lab  
  20  7:58  SCV  
  21  8:10  SCV  
  21  8:11  Marauder  
  24  8:18  Raven  
  26  8:22  SCV  
  27  8:28  Supply Depot  
  23  8:34  SCV  
  19  8:46  SCV  
  15  8:52  Supply Depot  
  12  8:58  SCV  
  12  9:01  Raven  
  12  9:11  Barracks, SCV  
  13  9:18  Command Center  
  13  9:23  SCV  
  14  9:35  SCV  
  15  9:44  Viking  
  17  9:47  SCV  
  18  9:59  SCV  
  19  10:00  Factory  
  19  10:01  Barracks Tech Lab  
  19  10:11  SCV  
  20  10:19  Marine  
  21  10:23  SCV  
  22  10:30  SCV  
  22  10:32  Refinery  
  23  10:37  SCV  
  23  10:44  SCV  
  19  10:51  Refinery  
  7  10:59  SCV  
  7  11:11  SCV  
  6  11:23  SCV  
  7  11:29  Command Center  
  7  11:32  Supply Depot  
  7  12:02  Command Center  
  6  12:40  SCV  
  6  12:57  Barracks  
Show
View Real Time Build Order
Export as new Build Order

Giaphage Terran 

Build Orders:  

Get SALT Encoding   

  12  0:03  SCV  
  13  0:15  SCV  
  13  0:18  Supply Depot  
  14  0:28  SCV  
  15  0:40  SCV  
  15  0:41  Barracks  
  16  0:50  Refinery  
  16  0:52  SCV  
  17  1:04  SCV  
  18  1:16  SCV  
  19  1:28  Marine  
  21  1:32  Orbital Command  
  21  1:39  Command Center  
  20  1:46  Marine  
  21  1:54  Supply Depot  
  21  1:58  SCV  
  22  2:03  Factory  
  22  2:10  SCV, Barracks Reactor  
  23  2:22  SCV  
  24  2:26  Bunker  
  24  2:34  SCV  
  24  2:36  Refinery  
  25  2:46  Marine x2, SCV  
  25  2:47  Hellion  
  25  2:49  Starport  
  30  2:54  Orbital Command  
  30  2:59  SCV  
  30  3:04  Marine  
  32  3:08  Marine  
  32  3:09  Hellion  
  32  3:12  SCV  
  36  3:22  Marine  
  36  3:24  SCV  
  36  3:25  Marine, Medivac  
  42  3:27  SCV  
  42  3:36  SCV, Hellion  
  42  3:39  SCV  
  46  3:44  Supply Depot  
  46  4:05  Marine x2  
  46  4:06  SCV x2  
  46  4:07  Factory Tech Lab  
  46  4:08  Starport Tech Lab  
  50  4:11  Barracks  
  50  4:13  Barracks, Supply Depot  
  50  4:18  SCV x2  
  50  4:20  Engineering Bay  
  50  4:23  Marine  
  53  4:25  Engineering Bay  
  53  4:29  Marine  
  54  4:34  Raven  
  54  4:35  SCV x2  
  58  4:40  Siege Tank  
  58  4:41  Marine  
  62  4:45  Supply Depot  
  62  4:58  Supply Depot  
  62  5:07  Marine x2, SCV x2  
  66  5:19  SCV x2  
  66  5:20  Command Center  
  68  5:24  Marine x2  
  70  5:30  Refinery  
  70  5:31  SCV x2, Refinery, Factory Tech Lab  
  70  5:33  Supply Depot, Combat Shield, Stimpack, Starport Reactor  
  72  5:35  Marine  
  72  5:36  Marine  
  72  5:40  Supply Depot  
  74  5:43  SCV x2  
  74  5:47  Marine x2  
  78  5:53  Supply Depot  
  78  5:54  Marine  
  78  5:55  Marine  
  76  6:01  SCV  
  76  6:04  Marine x2, SCV  
  76  6:07  Supply Depot  
  76  6:08  Siege Tank  
  81  6:12  Marine x2, Terran Infantry Weapons Level 1, Terran Infantry Armor Level 1  
  83  6:18  SCV  
  83  6:19  SCV  
  83  6:22  Marine x2  
  87  6:30  Marine x2, SCV  
  87  6:32  Medivac  
  92  6:36  Orbital Command  
  92  6:40  Medivac, Siege Tank  
  92  6:41  Marine  
  92  6:42  Marine  
  92  6:45  SCV  
  92  6:46  SCV  
  101  6:49  Marine  
  102  6:54  Marine  
  102  6:57  Supply Depot  
  102  6:58  Marine  
  104  7:01  Marine  
  104  7:02  Orbital Command  
  104  7:05  SCV x2  
  104  7:07  Marine  
  108  7:12  Marine, Siege Tank  
  108  7:15  Supply Depot  
  112  7:16  Marine  
  112  7:17  SCV  
  112  7:18  Medivac  
  112  7:19  Marine  
  112  7:21  Medivac  
  119  7:25  Marine  
  119  7:29  SCV x3  
  123  7:30  Marine  
  123  7:32  Supply Depot  
  124  7:40  Barracks, Marine x2  
  124  7:41  SCV x2  
  124  7:42  Barracks  
  124  7:43  Marine  
  129  7:45  Siege Tank  
  129  7:49  Marine  
  133  7:52  Supply Depot  
  133  7:57  SCV  
  134  7:58  Marine, SCV  
  134  7:59  Armory  
  134  8:00  SCV  
  134  8:02  Marine  
  138  8:07  Marine x2  
  138  8:09  SCV  
  138  8:11  SCV  
  138  8:12  SCV, Medivac x2  
  147  8:15  Supply Depot  
  147  8:16  Marine  
  147  8:17  Siege Tank  
  147  8:18  Supply Depot  
  151  8:20  Marine  
  151  8:22  SCV  
  151  8:23  SCV  
  151  8:25  Marine x2  
  156  8:31  Marine  
  157  8:36  Marine x2  
  157  8:37  Supply Depot, SCV x3  
  157  8:38  Marine  
  157  8:39  Refinery x2  
  163  8:42  Medivac  
  169  8:48  Marauder x2  
  169  8:49  SCV x3, Siege Tank  
  169  8:50  Terran Infantry Weapons Level 2  
  175  9:01  SCV  
  175  9:02  Command Center  
  176  9:03  Marine x2  
  176  9:05  Barracks Tech Lab  
  176  9:06  Barracks Reactor  
  180  9:10  Marauder  
  180  9:12  Barracks  
  180  9:14  Barracks  
  180  9:15  Barracks, SCV x2  
  180  9:16  Factory  
  182  9:18  SCV  
  182  9:20  Marauder  
  182  9:21  Siege Tank  
  188  9:27  SCV  
  188  9:28  Supply Depot  
  188  9:31  Marine x3, Marauder  
  193  9:32  Medivac  
  196  9:40  Medivac  
  196  9:41  Marine  
  196  9:42  Marine  
  200  9:57  Terran Infantry Armor Level 2  
  200  9:59  Terran Vehicle Weapons Level 1  
  200  10:01  Factory Tech Lab  
  200  10:12  Factory  
  200  10:13  Barracks Tech Lab, Starport  
  200  10:14  Barracks Reactor x2  
  200  10:17  Barracks  
  200  10:18  Barracks  
  200  10:20  Barracks  
  200  10:31  Command Center  
  200  11:04  Starport Reactor  
  200  11:05  Factory Tech Lab  
  200  11:06  Barracks Tech Lab  
  200  11:07  Barracks Tech Lab  
  200  11:11  Planetary Fortress, Ghost Academy  
  200  11:35  Refinery  
  200  11:36  Refinery  
  200  11:40  Barracks Reactor  
  200  11:41  Concussive Shells  
  200  11:45  Command Center  
  100  12:47  Marine x9  
  100  12:48  Marine x2, Marauder x4  
  100  12:49  Marauder  
  100  12:50  Siege Tank x2  
  100  12:51  Medivac x4  
  135  13:04  Marine  
  136  13:06  Barracks, Marauder  
  136  13:08  Barracks  
  136  13:09  Marauder, Ghost x3  
  136  13:10  Marauder  
  136  13:11  Marine x2  
  150  13:13  Marine x6  
  150  13:14  Marine  
  157  13:21  Medivac x2  
  157  13:22  Marine, Siege Tank x2  
  157  13:26  Orbital Command x2  
  168  13:28  Marauder  
  168  13:29  Marine x2, Medivac x2  
  168  13:31  Marine x2, Marauder x2  
  168  13:33  Marine x3  
  168  13:34  Marine x2  
  186  13:38  Marauder x3  
  193  13:44  Command Center  
  200  13:58  Refinery  
  200  13:59  Refinery  
Tags
 
Add a new tag
Caveats
  • Supply blocks, unpowered buildings, or Contaminate may cause inaccurate times.
  • Supply counts are checked every 10 seconds.